Map: Ascension to Aiur LE

Players

Blackout

  • Race: Terran Terran
  • League: Platinum
  • Spawn Location: 5:00

HangOver - Winner!

  • Race: Zerg Zerg
  • League: Diamond
  • Spawn Location: 11:00

VOD

Have the link to the VOD?

Description

Time

  • Played on: July 16, 2017, 2:34 a.m.
  • Length: 22:54
Show
View Real Time Build Order
Export as new Build Order

Blackout Terran 

Build Orders: MMM Bio 

Get SALT Encoding   

  12  0:01  SCV  
  13  0:13  SCV  
  14  0:19  Supply Depot  
  14  0:25  SCV  
  15  0:40  SCV  
  16  0:43  Barracks  
  16  0:52  SCV  
  17  1:04  SCV  
  18  1:17  SCV  
  19  1:30  Orbital Command  
  19  1:34  Marine  
  20  1:40  Command Center  
  20  1:48  Supply Depot  
  20  1:50  Refinery  
  20  1:56  SCV  
  20  2:00  Refinery  
  21  2:04  Marine  
  22  2:08  SCV  
  22  2:13  Barracks  
  23  2:21  SCV  
  24  2:24  Marine  
  25  2:33  SCV  
  26  2:41  Barracks  
  26  2:46  SCV  
  26  2:48  Marine  
  27  2:58  Orbital Command, Bunker  
  28  3:00  SCV  
  28  3:05  Barracks Tech Lab  
  28  3:11  Factory  
  28  3:16  SCV  
  28  3:18  Barracks Reactor  
  29  3:25  Marine  
  30  3:27  Stimpack  
  30  3:28  SCV  
  31  3:36  SCV  
  31  3:40  SCV  
  33  3:46  Refinery  
  33  3:48  Barracks Reactor, SCV  
  33  3:49  Marine  
  33  3:52  Refinery, SCV  
  36  3:58  Supply Depot  
  36  4:00  Marine  
  36  4:01  SCV  
  36  4:02  Factory Tech Lab  
  38  4:07  Marine  
  39  4:10  SCV  
  39  4:13  SCV  
  41  4:22  SCV  
  42  4:25  SCV  
  42  4:26  Marine, Siege Tank  
  42  4:27  Marine x3  
  49  4:42  Marine  
  49  4:44  Marine  
  49  4:45  Marine x3  
  50  4:51  SCV  
  45  4:59  Marine  
  45  5:02  Marine  
  45  5:03  Marine x3  
  45  5:04  SCV  
  51  5:11  SCV  
  52  5:17  Marine  
  52  5:19  SCV  
  54  5:22  Starport  
  54  5:41  Supply Depot  
  54  5:42  Supply Depot  
  54  5:46  Marine x5, SCV x2, Supply Depot  
  61  5:58  SCV  
  61  5:59  Combat Shields  
  61  6:02  Siege Tank, Starport Reactor  
  61  6:03  SCV  
  66  6:11  SCV  
  67  6:15  SCV  
  67  6:17  Marine  
  67  6:18  Marine  
  70  6:24  SCV  
  71  6:27  SCV  
  71  6:28  Marine x2, Command Center  
  71  6:30  Marine  
  75  6:39  Medivac x2  
  79  6:40  SCV  
  80  6:48  Supply Depot  
  71  7:14  Marine x5  
  70  7:15  Siege Tank  
  70  7:32  Marine x5  
  66  7:49  Barracks  
  66  7:50  Marine x5, Barracks, SCV  
  66  7:51  Barracks, SCV  
  71  8:03  SCV x2  
  71  8:04  Refinery  
  73  8:08  Marine, Refinery  
  73  8:10  Engineering Bay x2  
  74  8:15  Orbital Command, SCV x2  
  76  8:27  SCV x2  
  78  8:36  Marine x2  
  78  8:38  Barracks Reactor  
  78  8:39  SCV x2  
  82  8:44  Terran Infantry Weapons Level 1, Terran Infantry Armor Level 1  
  82  8:48  Missile Turret, Barracks Tech Lab  
  82  8:50  Missile Turret  
  82  8:51  Missile Turret x2  
  82  8:52  Barracks Reactor  
  82  8:56  Missile Turret  
  82  8:57  Missile Turret x2  
  82  9:02  Supply Depot  
  82  9:04  Supply Depot  
  82  9:05  Marine  
  82  9:06  Marine x2  
  85  9:10  Medivac  
  87  9:27  Siege Tank  
  90  9:34  Marine  
  90  9:35  Marine x5  
  90  9:36  Marine  
  90  9:37  Factory x2  
  97  9:44  Supply Depot  
  97  9:46  Marine, Supply Depot  
  98  9:54  Armory  
  98  9:59  Siege Tank  
  101  10:00  Armory  
  101  10:04  Marine, SCV x3  
  101  10:05  Marine  
  106  10:22  Factory Tech Lab  
  106  10:23  Factory Tech Lab  
  106  10:31  Siege Tank  
  108  10:51  Marine x4  
  108  10:52  Marine x6  
  114  11:03  Siege Tank  
  82  11:09  Marine x9  
  82  11:10  Marine  
  90  11:25  Terran Infantry Armor Level 2  
  90  11:27  Marine x7  
  90  11:30  Barracks  
  90  11:31  Terran Infantry Weapons Level 2, Barracks  
  97  11:33  SCV  
  98  11:43  SCV x2  
  98  11:46  SCV  
  101  11:51  Marine x2  
  101  11:52  Marine x2  
  105  11:55  SCV x2  
  105  11:58  SCV  
  108  12:01  Terran Vehicle And Ship Armor Level 1  
  108  12:02  Terran Vehicle Weapons Level 1  
  108  12:03  Marine  
  108  12:04  Marine x5  
  108  12:07  SCV x2  
  116  12:09  Marine  
  116  12:13  Command Center  
  117  12:21  Marine x4  
  123  12:24  Barracks Reactor  
  123  12:26  Marine x2  
  123  12:27  Marine x2  
  123  12:28  Marine x2  
  127  12:30  Barracks Reactor  
  127  12:38  Marine  
  127  12:39  Marine x3  
  127  12:44  Marine x3  
  131  12:45  Marine x3  
  137  12:56  Marine  
  137  12:57  Marine x3  
  141  13:02  Marine x2  
  141  13:09  Supply Depot  
  141  13:10  Supply Depot  
  141  13:11  Supply Depot  
  141  13:20  Supply Depot  
  141  13:21  Supply Depot  
  141  13:24  Marine x9  
  141  13:25  SCV x3  
  156  13:31  Marine x5, Thor  
  156  13:32  Thor  
  173  13:37  SCV x2  
  175  13:42  Marine x9  
  175  13:48  Refinery  
  184  13:49  Terran Infantry Weapons Level 3  
  184  13:51  Refinery  
  184  14:13  Widow Mine  
  184  14:15  Siege Tank  
  105  14:32  Marine x6  
  105  14:33  Marine  
  103  14:42  Siege Tank  
  103  14:44  Marine  
  103  14:45  Marine x6  
  108  14:50  Marine x7, SCV x3  
  118  15:02  Marine, Medivac x2  
  118  15:03  Marine x6  
  129  15:08  Marine x5  
  134  15:18  Marine  
  134  15:19  Marine  
  134  15:20  Marine x4  
  134  15:21  Marine x2  
  142  15:26  Marine x4  
  146  15:28  Marine  
  146  15:32  Medivac  
  146  15:34  Orbital Command  
  149  15:42  Orbital Command  
  139  16:05  Marine x5, Command Center, SCV x2  
  139  16:06  Marine x5  
  151  16:15  Marine x2  
  151  16:16  Siege Tank  
  156  16:26  Siege Tank  
  129  16:48  Siege Tank  
  113  17:06  Marine x4  
  113  17:07  Marine x3  
  113  17:08  Marine x5, Marauder x2  
  126  17:09  Siege Tank  
  131  17:24  Marine x5  
  131  17:25  Marine x2  
  131  17:26  Marine x5  
  131  17:29  Marauder  
  145  17:30  Marine  
  145  17:34  Thor  
  152  17:42  Marine x6  
  152  17:43  Marine x2  
  160  17:46  Refinery  
  160  17:48  Marauder  
  160  17:49  Medivac  
  164  17:54  Planetary Fortress  
  164  17:57  Refinery  
  164  18:28  Siege Tank x2  
  164  18:31  Medivac x2  
  174  18:41  Terran Vehicle And Ship Armor Level 2  
  174  18:42  Terran Vehicle Weapons Level 2  
  174  18:47  Terran Infantry Armor Level 3  
  174  18:48  SCV  
  175  18:58  Marine  
  175  18:59  Marine x9  
  175  19:00  Siege Tank x2  
  175  19:01  Medivac x2  
  192  19:32  Siege Tank  
  195  19:45  Orbital Command  
  195  19:47  Siege Tank  
  192  20:22  Missile Turret, Command Center  
  192  20:24  Missile Turret  
  192  20:26  Missile Turret  
  188  20:28  Medivac  
  188  20:29  Medivac  
  137  20:55  Missile Turret, SCV x2  
  137  20:56  Missile Turret x2  
  139  20:58  Medivac, Missile Turret  
  139  20:59  Medivac  
  143  21:04  Siege Tank x2  
  123  21:34  Medivac x2  
  123  21:36  Siege Tank x2  
  52  21:49  Marine  
  52  21:50  Marauder  
  53  22:04  Medivac x2  
  60  22:08  Siege Tank x2  
Show
View Real Time Build Order
Export as new Build Order

HangOver Zerg - Winner!

Build Orders: Hatch First, Muta Ling Bane 

Get SALT Encoding   

  12  0:01  Drone  
  13  0:17  Overlord  
  13  0:18  Drone  
  14  0:35  Drone x2  
  16  0:52  Hatchery  
  16  0:55  Drone  
  16  1:06  Extractor  
  15  1:12  Spawning Pool  
  15  1:14  Drone  
  15  1:18  Drone  
  16  1:22  Drone  
  17  1:27  Drone  
  18  1:37  Overlord  
  18  1:47  Drone  
  19  1:58  Queen  
  19  2:00  Zergling x2  
  22  2:04  Queen  
  24  2:10  Metabolic Boost  
  24  2:17  Drone x2  
  26  2:26  Zergling x6  
  29  2:44  Zergling x2  
  29  2:45  Zergling x4  
  32  2:54  Zergling x4  
  34  3:00  Evolution Chamber  
  34  3:03  Drone x2  
  35  3:09  Zergling x2  
  36  3:20  Overlord  
  36  3:21  Overlord  
  36  3:53  Drone x6  
  36  3:54  Drone x7  
  49  4:31  Drone x3, Overlord  
  52  4:32  Overlord x2  
  49  4:50  Drone x6  
  50  4:58  Lair  
  50  5:04  Extractor  
  49  5:08  Extractor  
  49  5:11  Extractor  
  49  5:13  Baneling Nest  
  46  5:17  Queen, Evolution Chamber  
  47  5:22  Zerg Ground Armor Level 1  
  47  5:28  Hatchery  
  46  5:29  Drone  
  46  5:30  Drone x4  
  46  5:31  Drone x4  
  55  5:46  Zerg Missile Weapons Level 1  
  55  5:50  Zergling x2  
  55  5:51  Zergling x6  
  59  6:00  Baneling x3  
  59  6:01  Baneling  
  59  6:02  Zergling x2  
  59  6:03  Overlord x2  
  59  6:04  Overlord x2  
  60  6:09  Spire  
  59  6:17  Centrifical Hooks  
  59  6:20  Overseer  
  59  6:21  Queen  
  59  6:23  Zergling x2  
  59  6:24  Zergling x8  
  66  6:41  Zergling x2  
  66  6:42  Zergling x12  
  73  6:50  Hatchery  
  67  7:04  Zergling x2  
  67  7:05  Zergling x12  
  67  7:13  Zergling x4  
  67  7:14  Zergling x6  
  65  7:25  Mutalisk x5  
  67  7:42  Queen x2  
  66  7:45  Zergling x12  
  71  7:58  Mutalisk  
  71  7:59  Mutalisk x4  
  81  8:07  Baneling x5  
  81  8:08  Baneling x5  
  81  8:10  Drone x3  
  84  8:18  Spore Crawler  
  83  8:27  Zerg Missile Weapons Level 2  
  83  8:32  Drone x5  
  83  8:33  Overlord  
  88  8:34  Overlord x3  
  88  8:39  Overseer  
  88  9:00  Drone x3  
  88  9:01  Drone x7  
  98  9:08  Drone  
  99  9:17  Hatchery, Zergling x2  
  99  9:18  Zergling x6  
  102  9:24  Overlord  
  102  9:25  Overlord x2  
  102  9:35  Extractor  
  102  9:36  Extractor  
  102  9:37  Spore Crawler  
  99  9:42  Zergling x2  
  99  9:43  Zergling x24  
  112  10:01  Pneumatized Carapace  
  112  10:06  Zerg Ground Armor Level 2  
  112  10:12  Baneling, Infestation Pit  
  112  10:13  Baneling x26  
  111  10:15  Zergling x24  
  111  10:16  Zergling x2  
  123  10:40  Zergling x2  
  123  10:41  Zergling x28  
  123  10:42  Zergling x2  
  127  10:59  Mutalisk  
  127  11:00  Mutalisk x5  
  124  11:12  Drone x9  
  131  11:31  Hive  
  131  11:36  Mutalisk  
  131  11:37  Mutalisk x4  
  141  11:41  Zergling x16  
  141  11:43  Baneling  
  141  11:44  Baneling x5  
  141  11:45  Overlord  
  141  11:46  Overlord  
  149  12:36  Zergling x2  
  150  12:37  Zergling x34  
  150  12:39  Baneling  
  150  12:40  Baneling x21  
  150  12:41  Baneling x15  
  161  13:10  Overlord x3  
  161  13:11  Overlord x4  
  161  13:18  Ultralisk Cavern  
  161  13:19  Adrenal Glands  
  160  13:24  Zerg Ground Armor Level 3  
  160  13:28  Extractor  
  160  13:30  Extractor  
  158  13:48  Hatchery  
  157  13:56  Spore Crawler  
  157  13:57  Spine Crawler  
  157  14:01  Baneling  
  157  14:02  Baneling x19  
  155  14:03  Baneling x4, Zergling x2  
  155  14:04  Zergling x42  
  155  14:05  Zergling x2  
  112  14:27  Zergling x2  
  112  14:28  Zergling x30  
  117  14:41  Mutalisk  
  117  14:42  Mutalisk x4  
  118  14:51  Chitinous Plating  
  110  14:53  Zerg Missile Weapons Level 3  
  106  15:36  Ultralisk x4  
  106  15:38  Zergling x14  
  117  16:11  Zergling x8  
  118  16:12  Zergling x28  
  118  16:15  Baneling  
  118  16:16  Baneling x3  
  118  16:17  Baneling  
  117  16:47  Mutalisk  
  117  16:48  Mutalisk x10  
  128  17:19  Ultralisk  
  128  17:20  Ultralisk x3  
  152  17:30  Extractor x2  
  152  17:32  Drone x3  
  152  17:36  Zergling x2  
  154  17:37  Zergling x14  
  154  17:38  Zergling x2  
  162  17:55  Zergling x2  
  162  17:56  Zergling x22  
  174  18:11  Spine Crawler  
  171  18:16  Baneling x8  
  171  18:17  Baneling x13  
  171  18:48  Hatchery  
  171  18:51  Zergling x6  
  171  18:52  Zergling x14, Hatchery  
  179  19:02  Overseer  
  178  19:32  Ultralisk  
  178  19:33  Ultralisk x2  
  188  19:58  Zergling x4  
  188  19:59  Zergling x10  
  195  20:03  Baneling x8  
  195  20:04  Baneling x28  
  195  20:05  Baneling x5  
  187  20:44  Zergling x24  
  176  21:02  Zergling x2  
  176  21:03  Zergling x38  
  176  21:33  Mutalisk x11  
  165  21:51  Baneling  
  165  21:52  Baneling x15  
  165  21:53  Baneling x22  
  165  21:54  Baneling x7, Mutalisk  
  158  21:55  Mutalisk  
Tags
 
Add a new tag
Caveats
  • Supply blocks, unpowered buildings, or Contaminate may cause inaccurate times.
  • Supply counts are checked every 10 seconds.